 Dungeon Crawl Stone Soup version 0.26.1-11-gd32895ea62 (webtiles) character file.

Game seed: 13404911300871736565

42095 e0n the Severer (level 13, -8/178 HPs)
             Began as a Minotaur Berserker on July 6, 2021.
             Was a High Priest of Trog.
             Mangled by a wolf spider (15 damage)
             ... on level 1 of the Spider Nest.
             The game lasted 01:23:36 (20228 turns).

e0n the Severer (Minotaur Berserker)               Turns: 20228, Time: 01:23:37

Health: -8/178     AC: 20    Str: 29    XL:     13   Next: 83%
Magic:  12/12      EV: 14    Int:  8    God:    Trog [*****.]
Gold:   897        SH:  0    Dex: 11    Spells: 12/12 levels left

rFire    . . .     SeeInvis +   r - +5 lajatang (flame)
rCold    x . .     Faith    +   (shield currently unavailable)
rNeg     . . .     Spirit   .   C - +6 chain mail of Xice {rC- Int+4 SInv}
rPois    +         Reflect  .   (helmet restricted)
rElec    .         Harm     .   l - +0 cloak
rCorr    .         Rampage  .   (no gloves)
Will     .....                  (no boots)
Stlth    ..........             N - amulet of faith
HPRegen  0.39/turn              z - ring of the Evil One {Wiz +Inv rPois Str+3}
MPRegen  0.13/turn              X - ring of poison resistance

@: berserking (expiring), lethally poisoned (-8 -> -21), studying Stealth, very
quick
A: retaliatory headbutt, horns 2
a: Renounce Religion, Evoke Invisibility, Berserk, Trog's Hand, Brothers in Arms


You were on level 1 of the Spider Nest.
You worshipped Trog.
Trog was extremely pleased with you.
You visited 3 branches of the dungeon, and saw 14 of its levels.
You also visited: Gauntlet.

You collected 897 gold pieces.

Inventory:

Hand Weapons
 r - a +5 lajatang of flaming (weapon)
 F - a +1 antimagic lajatang
 M - a +0 war axe
Missiles
 h - 3 throwing nets
Armour
 l - a +0 cloak (worn)
 o - a +2 leather armour of positive energy
 t - the +2 chain mail of a Gauntlet {rF+ Regen+ Int+2}
   (You found it on level 4 of the Dungeon)

   It affects your intelligence (+2).
   It protects you from fire.
   It increases your rate of regeneration.
 v - a +2 chain mail of cold resistance
 w - a +3 leather armour of poison resistance
 C - the +6 chain mail of Xice (worn) {rC- Int+4 SInv}
   (You took it off a minotaur in a Gauntlet)

   It affects your intelligence (+4).
   It makes you vulnerable to cold.
   It lets you see invisible.
 K - a +0 tower shield
 S - a +0 plate armour
 Y - +0 ice dragon scales
 Z - +0 swamp dragon scales
Jewellery
 f - an uncursed amulet of magic regeneration {unknown}
 u - a +6 ring of dexterity
 z - the ring of the Evil One (left hand) {Wiz +Inv rPois Str+3}
   (You took it off a minotaur in a Gauntlet)

   [ring of wizardry]

   It improves your spell success rate.
   It affects your strength (+3).
   It protects you from poison.
   It lets you turn invisible.
 N - an amulet of faith (around neck)
 Q - an uncursed amulet of reflection {unknown}
 R - an uncursed ring of stealth
 W - an uncursed ring of stealth
 X - a ring of poison resistance (right hand)
Wands
 n - a wand of iceblast (9)
Scrolls
 b - a scroll of holy word {unknown}
 c - a scroll of immolation {unknown}
 d - 4 scrolls of identify
 j - a scroll of noise {unknown}
 m - 5 scrolls of magic mapping
 q - 11 scrolls of remove curse
 x - 2 scrolls of enchant armour {unknown}
 y - 4 scrolls of random uselessness {unknown}
 B - a scroll of fog {unknown}
 E - a scroll of amnesia {unknown}
 H - 4 scrolls of teleportation {unknown}
 L - 2 scrolls of enchant weapon {unknown}
 O - a scroll of blinking {unknown}
 V - a scroll of vulnerability {unknown}
Potions
 a - 4 potions of attraction
 e - a potion of might {unknown}
 g - 4 potions of brilliance
 i - a potion of flight {unknown}
 k - 4 potions of cancellation {unknown}
 p - 7 potions of curing
 s - 4 potions of heal wounds {unknown}
 A - 2 potions of magic {unknown}
 D - a potion of lignification {unknown}
 G - 3 potions of degeneration {unknown}
 I - 3 potions of invisibility {unknown}
 J - 2 potions of haste {unknown}
 T - a potion of berserk rage {unknown}
 U - 2 potions of resistance {unknown}
Books
 P - a manual of Stealth


   Skills:
 + Level 12.8 Fighting
 + Level 16.8 Axes
 + Level 7.0 Staves
 + Level 13.8 Armour
 * Level 10.2 Dodging
 + Level 3.3 Stealth


You had 12 spell levels left.
You didn't know any spells.
Your spell library contained the following spells:

 Spells                   Type           Power        Failure   Level
 Beastly Appendage        Tmut           0%           50%         1
 Corona                   Hex            0%           50%         1
 Sandblast                Erth           0%           50%         1
 Ensorcelled Hibernation  Hex/Ice        0%           65%         2
 Passwall                 Tmut/Erth      0%           65%         2
 Wereblood                Tmut           0%           65%         2
 Confusing Touch          Hex            0%           86%         3
 Dazzling Flash           Conj/Hex       0%           86%         3
 Spider Form              Tmut/Pois      0%           86%         3
 Stone Arrow              Conj/Erth      0%           86%         3
 Tukima's Dance           Hex            0%           86%         3
 Ice Form                 Ice/Tmut       0%           99%         4
 Petrify                  Tmut/Erth      0%           99%         4
 Summon Lightning Spire   Summ/Air       0%           99%         4
 Blade Hands              Tmut           0%           100%        5
 Bolt of Magma            Conj/Fire/Erth 0%           100%        5
 Iskenderun's Battlesphe  Conj           0%           100%        5
 Lee's Rapid Deconstruct  Erth           0%           100%        5
 Silence                  Hex/Air        0%           100%        5
 Conjure Ball Lightning   Conj/Air       0%           100%        6
 Iron Shot                Conj/Erth      0%           100%        6
 Orb of Destruction       Conj           0%           100%        7
 Spellforged Servitor     Conj/Summ      0%           100%        7
 Tornado                  Air            0%           100%        9


Dungeon Overview and Level Annotations

Branches:
Dungeon (9/15)             Temple (0/1) D:7            Lair (3/6) D:9
 Spider (2/4) Lair:3      Gauntlet (visited)
  Swamp: Lair:2-4    Shoals: Lair:2-4       Orc: D:9-12

Altars:
Dithmenos
Gozag
Hepliaklqana
Okawaru
Ru
Wu Jian


Innate Abilities, Weirdness & Mutations

You reflexively headbutt those who attack you in melee.
You have a pair of horns on your head.


Message History

You slash the tarantella! You burn the tarantella.
The tarantella is severely wounded.
You feel sick. The jumping spider misses you.
The jumping spider bites you but does no damage.
The tarantella bites you!
* * * LOW HITPOINT WARNING * * *
The wolf spider hits you but does no damage.
The wolf spider bites you but does no damage.
The jumping spider pounces on you but does no damage.
The jumping spider bites you but does no damage.
The jumping spider closely misses you. You furiously retaliate!
You headbutt the jumping spider.
The jumping spider bites you but does no damage.
You are too berserk!
You slice the tarantella!! You burn the tarantella.
You kill the tarantella!
Trog accepts your kill.
* * * LOW HITPOINT WARNING * * *
You feel sick. The wolf spider hits you!
You die...

.....# #.#####..........# ##..###
.....# #.# ##.........# ##^#..
....####.# ##........# ###...
..#####.## #........# #.....
#####.#.# #.####..## #.....
###.....## #### ##.## ##.....
.........######.# ##.###..#...
##........##...s#### ##.##..###.
#^.....##......s@..### ##......##
#......#........s†...# #..###.##
#........#...........# #.## #..#
....................## #.# #...
#.....#.#...........# #.# #...
.....#..............#####.## #...
#.....##.........[..##.....###...
##...###.............##..##.###..
#..###............#####.###.....


You could see a wolf spider and 2 jumping spiders.

Vanquished Creatures
  An emperor scorpion (Spider:1)
  3 entropy weavers
  A minotaur (Gauntlet)
  A great orb of eyes (Gauntlet)
  3 hydras
  Erica (D:8)
  A queen ant (Spider:1)
  Nergalle (Lair:1)
  A lindwurm (Lair:2)
  10 wolf spiders (Spider:1)
  An oklob plant (Gauntlet)
  An orb spider (Spider:1)
  2 ugly things
  A faun (Lair:2)
  A moth of wrath (Spider:1)
  3 black mambas (Lair:3)
  Joseph (D:8)
  Maurice (D:9)
  Maggie (Lair:2)
  10 cane toads
  3 demonic crawlers
  3 komodo dragons
  The ghost of sshlich the Artisan of Death, a novice DENe of Kikubaaqudgha (D:5)
  A hornet (Spider:1)
  A troll (D:9)
  4 jumping spiders (Spider:1)
  8 blink frogs
  5 flying skulls (Gauntlet)
  17 redbacks
  5 tarantellas (Spider:1)
  A wraith (D:7)
  10 yaks (Lair:1)
  A wyvern (Lair:3)
  4 basilisks
  Menkaure (D:7)
  Edmund (D:4)
  3 water moccasins
  An acid dragon (Gauntlet)
  24 soldier ants (Spider:1)
  2 ice beasts (D:6)
  3 orc warriors
  2 black bears
  A phantom (D:7)
  An eye of draining (D:9)
  2 ogres (D:4)
  36 wolves
  A centaur (D:5)
  A big kobold (D:7)
  13 bullfrogs
  A wyvern skeleton (D:8)
  4 scorpions
  9 killer bees (D:8)
  6 wights
  7 howler monkeys
  A bullfrog zombie (D:9)
  A jelly (D:7)
  3 orc priests
  2 hounds
  3 iguanas (D:8)
  22 worker ants
  5 orc wizards
  A hound zombie (D:6)
  A howler monkey zombie (D:8)
  6 gnolls
  9 adders
  A howler monkey skeleton (D:5)
  2 shadow imps
  5 white imps
  3 ufetubi
  2 adder skeletons
  2 worms
  2 dart slugs
  4 leopard geckos
  25 orcs
  5 ball pythons
  2 bats
  8 giant cockroaches
  5 goblins
  A hobgoblin (D:2)
  6 jackals
  12 kobolds
  4 quokkas
  4 frilled lizards
  A quokka skeleton (D:8)
  10 rats
386 creatures vanquished.

Vanquished Creatures (others)
  6 fungi
  10 plants
  4 withered plants (Gauntlet)
20 creatures vanquished.

Grand Total: 406 creatures vanquished

Notes
Turn   | Place    | Note
-------+----------+-------------------------------------------
     0 | D:1      | e0n the Minotaur Berserker began the quest for the Orb.
     0 | D:1      | Reached XP level 1. HP: 19/19 MP: 0/0
   196 | D:1      | Reached XP level 2. HP: 27/27 MP: 1/1
   251 | D:1      | Reached skill level 4 in Axes
   689 | D:2      | Reached XP level 3. HP: 21/33 MP: 2/2
  1385 | D:2      | Reached ** piety under Trog
  1920 | D:3      | Reached skill level 5 in Axes
  2131 | D:3      | Reached XP level 4. HP: 31/40 MP: 3/3
  2843 | D:4      | Reached XP level 5. HP: 47/47 MP: 4/4
  2974 | D:4      | Got a smoking chain mail
  2985 | D:4      | Identified the +2 chain mail of a Gauntlet {rF+ Regen+
                  | Int+2} (You found it on level 4 of the Dungeon)
  2994 | D:4      | Found a sacrificial altar of Ru.
  2996 | D:4      | Noticed an ogre
  3002 | D:4      | Killed an ogre
  3003 | D:4      | Reached skill level 6 in Axes
  3003 | D:4      | Reached skill level 1 in Stealth
  3052 | D:4      | Found an opulent altar of Gozag.
  3083 | D:4      | Reached XP level 6. HP: 52/53 MP: 5/5
  3286 | D:4      | Reached *** piety under Trog
  3396 | D:4      | Noticed Edmund
  3411 | D:4      | Killed Edmund
  3412 | D:4      | Reached skill level 5 in Fighting
  3412 | D:4      | Reached skill level 7 in Axes
  3412 | D:4      | Reached XP level 7. HP: 61/61 MP: 4/6
  3883 | D:5      | Entered Level 5 of the Dungeon
  3901 | D:5      | Found a runed translucent door.
  3905 | D:5      | Noticed sshlich's ghost (novice DENe)
  4013 | D:5      | Killed sshlich's ghost
  4014 | D:5      | Reached skill level 8 in Axes
  4014 | D:5      | Reached skill level 5 in Armour
  4167 | D:5      | Reached XP level 8. HP: 70/70 MP: 4/7
  4731 | D:6      | Reached skill level 9 in Axes
  5630 | D:7      | Reached skill level 10 in Axes
  5673 | D:7      | Noticed Menkaure
  5689 | D:7      | Killed Menkaure
  5690 | D:7      | Reached XP level 9. HP: 78/78 MP: 5/8
  5704 | D:7      | Found a staircase to the Ecumenical Temple.
  5712 | D:8      | Noticed Joseph
  5736 | D:6      | Reached **** piety under Trog
  5855 | D:7      | Reached skill level 11 in Axes
  5963 | D:7      | Found an iron altar of Okawaru.
  6300 | D:8      | Found an ornate altar of the Wu Jian Council.
  6312 | D:8      | Killed Joseph
  6714 | D:8      | Reached skill level 12 in Axes
  6742 | D:8      | Reached ***** piety under Trog
  6776 | D:8      | Reached XP level 10. HP: 73/86 MP: 9/9
  6908 | D:8      | Found a hazy altar of Hepliaklqana.
  6910 | D:8      | Found a shadowy altar of Dithmenos.
  6975 | D:8      | Noticed Erica
  6983 | D:8      | Killed Erica
  6984 | D:8      | Reached skill level 5 in Dodging
  8640 | D:9      | Noticed Maurice
  8955 | D:9      | Killed Maurice
  8956 | D:9      | Reached skill level 13 in Axes
  9191 | D:9      | Found a staircase to the Lair.
  9306 | D:9      | Noticed a brown ugly thing
  9314 | D:9      | Killed a brown ugly thing
  9315 | D:9      | Reached skill level 10 in Armour
  9670 | Lair:1   | Entered Level 1 of the Lair of Beasts
  9670 | Lair:1   | Noticed a cane toad
  9676 | Lair:1   | Killed a cane toad
  9676 | Lair:1   | Received a gift from Trog
  9935 | Lair:1   | Noticed a cane toad
  9956 | Lair:1   | Killed a cane toad
  9961 | Lair:1   | Reached XP level 11. HP: 39/95 MP: 10/10
 10339 | Lair:1   | Noticed a six-headed hydra
 10347 | Lair:1   | Killed a ten-headed hydra
 10348 | Lair:1   | Reached skill level 14 in Axes
 10603 | Lair:1   | Noticed Nergalle
 10629 | Lair:1   | Killed Nergalle
 11467 | Lair:2   | Noticed Maggie
 11491 | Lair:2   | Reached skill level 10 in Fighting
 11495 | Lair:2   | Reached skill level 15 in Axes
 11495 | Lair:2   | Killed Maggie
 11508 | Lair:2   | Reached XP level 12. HP: 53/106 MP: 11/11
 12372 | Lair:2   | Noticed a six-headed hydra
 12383 | Lair:2   | Killed a 12-headed hydra
 13134 | Lair:3   | Found a gate leading to a gauntlet.
 13209 | Gauntlet | Entered a Gauntlet
 13209 | Gauntlet | Found a transporter.
 13209 | Gauntlet | Found a transporter.
 13209 | Gauntlet | Found a transporter.
 13220 | Gauntlet | Found a transporter.
 13223 | Gauntlet | Found a transporter.
 13231 | Gauntlet | Found a transporter.
 13234 | Gauntlet | Found a transporter.
 13247 | Gauntlet | Found a transporter.
 13260 | Gauntlet | Found a transporter.
 13260 | Gauntlet | Noticed a great orb of eyes
 13277 | Gauntlet | Found a transporter.
 13280 | Gauntlet | Found a transporter.
 13290 | Gauntlet | Found a transporter.
 13750 | Gauntlet | Killed a great orb of eyes
 13826 | Gauntlet | Identified the +6 chain mail of Xice {rC- Int+4 SInv}
 13826 | Gauntlet | Identified the ring of the Evil One {Wiz +Inv rPois Str+3}
 13826 | Gauntlet | Noticed a minotaur
 13854 | Gauntlet | Killed a minotaur
 13855 | Gauntlet | Reached skill level 16 in Axes
 14560 | Lair:3   | Found a hole to the Spider Nest.
 15144 | Lair:3   | Noticed an eight-headed hydra
 15150 | Lair:3   | Killed a ten-headed hydra
 15421 | Spider:1 | Entered Level 1 of the Spider Nest
 15428 | Spider:1 | Received a gift from Trog
 15459 | Spider:1 | Noticed an entropy weaver
 15846 | Spider:1 | Reached XP level 13. HP: 41/117 MP: 12/12
 15847 | Spider:1 | Killed an entropy weaver
 16221 | Spider:1 | Noticed an entropy weaver
 16233 | Spider:1 | Killed an entropy weaver
 16385 | Spider:1 | Reached skill level 1 in Staves
 16764 | Spider:1 | Noticed an emperor scorpion
 16779 | Spider:1 | Killed an emperor scorpion
 17447 | Spider:1 | Received a gift from Trog
 18176 | Spider:1 | Reached skill level 5 in Staves
 19760 | Spider:2 | Noticed an entropy weaver
 19764 | Spider:2 | Killed an entropy weaver
 19765 | Spider:2 | Reached skill level 10 in Dodging
 20228 | Spider:1 | HP: 7/178 [poisoned by a wolf spider]
 20228 | Spider:1 | Mangled by a wolf spider

Illustrated notes

Levels and vault maps discovered:
D:1:      eino_arrival_tree_alley, layout_basic, minmay_3d_cube
D:2:      layout_loops_cross
D:3:      layout_basic
D:4:      layout_basic, lemuel_doored_altar, grunt_gozag_breadcrumbs,
          uniq_edmund
D:5:      layout_loops_ring, ebering_ghost_sewer_d
D:6:      layout_cave_pods, hex_medium
D:7:      layout_layer_cave, nicolae_overflow_crystal_walls,
          minmay_temple_entry_gardened_gates, uniq_menkaure
D:8:      layout_loops_cross, riverfiend_overflow_shadow_ancestor,
          lemuel_crystal_altar, uniq_joseph, uniq_erica
D:9:      layout_stronghold, lair_entry_dummy, uniq_maurice
Lair:1:   layout_chaotic_city, infiniplex_staircase_pool, uniq_nergalle
Lair:2:   layout_hall_layers, nicolae_volcano_entry_vermiform,
          grunt_forest_large_clearings, lemuel_fruit_tree, uniq_maggie
Lair:3:   layout_loops_ring, spider_nest_entry_web_field,
          gauntlet_entry_generic, serial_bayou_shore_b
Spider:1: layout_chambers, minivault_29
Spider:2: layout_spider_delve, hive_lemuel

Skill      XL: |  1  2  3  4  5  6  7  8  9 10 11 12 13 |
---------------+----------------------------------------+-----
Axes           | 4 5 6 7 8 10 12 13 15 16 | 16.8
Fighting       | 4 5 6 7 8 10 11 12 | 12.8
Armour         | 3 4 5 7 9 10 12 13 | 13.8
Dodging        | 3 4 5 7 8 10 | 10.2
Stealth        | 1 2 3 |  3.3
Staves         | 7 |  7.0

Action                   |  1- 3 |  4- 6 |  7- 9 | 10-12 | 13-15 || total
-------------------------+-------+-------+-------+-------+-------++-------
Melee: Hand axe          |    73 |    81 |   198 |       |       ||   352
       Headbutt          |     7 |    16 |    55 |   107 |    63 ||   248
       War axe           |       |       |    98 |   483 |    21 ||   602
       Lajatang          |       |       |       |       |   162 ||   162
Invok: Berserk           |     1 |     2 |     7 |    16 |     5 ||    31
  Use: Scroll            |       |       |     2 |     5 |       ||     7
       Potion            |       |       |       |       |     2 ||     2
Armor: Leather armour    |    19 |     9 |       |       |       ||    28
       Chain mail        |       |    17 |   154 |   189 |   202 ||   562
       Ice dragon scales |       |       |       |    56 |       ||    56
Dodge: Dodged            |    60 |    40 |   167 |   286 |   257 ||   810
